 Dungeon Sprint DCSS version 0.15-a0-1206-g3bad1a6 (webtiles) character file.

5400000 Infinimo the Conqueror (level 21, -53/224 HPs)
             Began as a Centaur Gladiator on June 1, 2014.
             Was the Champion of Makhleb.
             Annihilated by a sculptor of flesh
             ... wielding a +9,+9 great sword
              (253 damage)
             ... in the Dungeon (Sprint VIII: "Arena of Blood").
             The game lasted 00:02:36 (54 turns).

Infinimo the Conqueror (Centaur Gladiator)            Turns: 54, Time: 00:02:40

HP -53/224       AC  8     Str 18      XL: 21   Next: 87%
MP  16/46        EV 32     Int  7      God: Makhleb [******]
Gold 0           SH  0     Dex 20      Spells:  0 memorised, 74 levels left

rFire  . . .     SeeInvis .     l - +∞ Axe of Woe
rCold  . . .     Clarity  .     b - +0 leather armour
rNeg   . . .     rCorr    .     (no shield)
rPois  .         rRot     .     c - +0 helmet
rElec  .         Spirit   .     (no cloak)
SustAb .         Warding  .     (no gloves)
rMut   .         NoTele   +     (no barding)
Gourm  .                        (no amulet)
MR     +....                    (no ring)
                                (no ring)

@: very quick, somewhat resistant to hostile enchantments, very stealthy
A: hooves 3, deformed body, speed 2, tough skin 3
a: Minor Destruction, Lesser Servant of Makhleb, Major Destruction, Greater
Servant of Makhleb, Renounce Religion


You were in the Dungeon.
You worshipped Makhleb.
Makhleb was exalted by your worship.
You were not hungry.

You visited 1 branch

Inventory:

Hand weapons
 a - a +0,+0 war axe
 l - the +∞,+∞ Axe of Woe (weapon)
   (You found it in the Dungeon)
Missiles
 d - 3 throwing nets (quivered)
Armour
 b - a +0 leather armour (worn)
 c - a +0 helmet (worn)
Comestibles
 f - a bread ration
Scrolls
 k - a scroll of blinking
Potions
 e - a potion of curing
 g - a potion of heal wounds
 h - a potion of haste
 i - 2 potions of magic
 j - a potion of berserk rage


   Skills:
 O Level 27 Fighting
 O Level 27 Axes
 - Level 2.6 Throwing
 + Level 19.1 Armour
 O Level 27 Dodging
 O Level 27 Stealth
 O Level 27 Spellcasting
 O Level 27 Invocations


You had 74 spell levels left.
You didn't know any spells.

Dungeon Overview and Level Annotations

Branches:
Dungeon (1/1)

Altars:
Makhleb


Innate Abilities, Weirdness & Mutations

You have hooves in place of feet.
Armour fits poorly on your strangely shaped body.
You cover ground very quickly.
You have extremely tough skin (AC +3).


Message History

The fiery explosion engulfs the sculptor of flesh.
The fiery explosion engulfs the bag of meat.
Makhleb accepts your kill.
Your Armour skill gained 3 levels and is now at level 17!
You cleave the bag of meat in twain.
You kill the bag of meat!
Makhleb accepts your kill.
You feel a little better.
Your Armour skill gained 2 levels and is now at level 19!
You are engulfed in roaring flames.
You hear a shout! x8 2 orcs, 2 ogres and a vampire knight come into view.
Unknown command. 2 vampire knights come into view.
You are engulfed in roaring flames.
The destroyer shouts!
You hear a shout!
The sculptor of flesh is engulfed in roaring flames.
The sculptor of flesh hits you with a +9,+9 great sword!!!!!
Ouch! That really hurt!
You die...

.....#...............
......O.....V)........
.#..%..................
.§#........#.......#..
..%..#.)%).#..)....#
...#...x)V###.%%%...###.
.....%.).§§§...###......
.......#)§§§..V§_...O...
..V.#...§z@.#.....#....
##o.....§§..#_.<._#...
...#.o.O..o#.....# .
.o...#........_......
............###......
......###O.. ..###.
...... #.VV. ..# V...
#... .# ..... ..


You could see 6 destroyers, a sculptor of flesh, 3 meat berserkers, a small
abomination and 3 bags of meat.

Vanquished Creatures
  2 hill giants (D)
  7 ogres (D)
  28 orcs (D)
  2 skeletal warriors (D)
  7 vampire knights (D)
  2 large abominations (D)
  A small abomination (D)
  5 crawling corpses (D)
54 creatures vanquished.

Notes
Turn   | Place    | Note
--------------------------------------------------------------
     0 | D        | Infinimo, the Centaur Gladiator, began the quest for the Orb.
     0 | D        | Reached XP level 1. HP: 17/17 MP: 1/1
     4 | D        | Became a worshipper of Makhleb the Destroyer
     6 | D        | Noticed a bag of meat
     8 | D        | Noticed a bag of meat
    10 | D        | Noticed a bag of meat
    10 | D        | Killed a bag of meat
    10 | D        | Reached skill level 15 in Fighting
    10 | D        | Reached XP level 2. HP: 20/49 MP: 2/2
    10 | D        | Reached XP level 3. HP: 22/56 MP: 3/3
    10 | D        | Reached XP level 4. HP: 24/63 MP: 3/3
    10 | D        | Reached XP level 5. HP: 26/70 MP: 4/4
    10 | D        | Reached XP level 6. HP: 28/78 MP: 5/5
    10 | D        | Reached XP level 7. HP: 30/84 MP: 5/5
    10 | D        | Reached XP level 8. HP: 33/93 MP: 6/6
    10 | D        | Reached XP level 9. HP: 35/100 MP: 7/7
    10 | D        | Reached XP level 10. HP: 37/107 MP: 7/7
    10 | D        | Reached XP level 11. HP: 39/114 MP: 8/8
    12 | D        | Noticed a bag of meat
    12 | D        | Noticed a bag of meat
    12 | D        | Noticed a meat berserker
    13 | D        | Noticed a bag of meat
    13 | D        | Noticed a bag of meat
    14 | D        | Noticed a bag of meat
    14 | D        | Noticed a bag of meat
    14 | D        | Killed a bag of meat
    14 | D        | Acquired Makhleb's first power
    14 | D        | Reached skill level 18 in Fighting
    14 | D        | Reached XP level 12. HP: 42/127 MP: 9/9
    15 | D        | Noticed a bag of meat
    15 | D        | Noticed a bag of meat
    15 | D        | Noticed a bag of meat
    16 | D        | Noticed a meat berserker
    16 | D        | Noticed a meat berserker
    16 | D        | Noticed a bag of meat
    17 | D        | Noticed a bag of meat
    22 | D        | Killed a meat berserker
    22 | D        | Reached skill level 19 in Fighting
    22 | D        | Reached skill level 15 in Dodging
    22 | D        | Reached XP level 13. HP: 46/138 MP: 9/9
    23 | D        | Killed a meat berserker
    23 | D        | Reached skill level 20 in Fighting
    23 | D        | Killed a bag of meat
    23 | D        | Acquired Makhleb's second power
    23 | D        | Reached skill level 21 in Fighting
    23 | D        | Reached XP level 14. HP: 48/152 MP: 10/10
    24 | D        | Noticed a meat berserker
    24 | D        | Noticed a bag of meat
    24 | D        | Killed a bag of meat
    24 | D        | Reached skill level 22 in Fighting
    25 | D        | Noticed a meat berserker
    25 | D        | Killed a bag of meat
    25 | D        | Reached skill level 23 in Fighting
    25 | D        | Reached XP level 15. HP: 115/163 MP: 11/11
    27 | D        | Noticed a bag of meat
    27 | D        | Killed a bag of meat
    27 | D        | Acquired Makhleb's third power
    27 | D        | Reached skill level 24 in Fighting
    27 | D        | Killed a bag of meat
    28 | D        | Noticed a bag of meat
    28 | D        | Noticed a bag of meat
    28 | D        | Killed a bag of meat
    28 | D        | Reached skill level 25 in Fighting
    28 | D        | Killed a bag of meat
    28 | D        | Acquired Makhleb's fourth power
    28 | D        | Reached skill level 26 in Fighting
    28 | D        | Reached XP level 16. HP: 178/180 MP: 11/11
    28 | D        | Killed a bag of meat
    29 | D        | Noticed a bag of meat
    29 | D        | Noticed a meat berserker
    29 | D        | Noticed a bag of meat
    29 | D        | Noticed a destroyer
    29 | D        | Killed a bag of meat
    29 | D        | Reached skill level 27 in Fighting
    29 | D        | Killed a meat berserker
    30 | D        | Noticed a bag of meat
    30 | D        | Noticed a bag of meat
    30 | D        | Killed a meat berserker
    30 | D        | Acquired Makhleb's fifth power
    30 | D        | Reached skill level 27 in Axes
    30 | D        | Reached XP level 17. HP: 191/191 MP: 12/12
    31 | D        | Noticed a bag of meat
    31 | D        | Noticed a bag of meat
    32 | D        | Killed a destroyer
    33 | D        | Noticed a destroyer
    33 | D        | Killed a bag of meat
    34 | D        | Noticed a large bag of meat
    34 | D        | Killed a bag of meat
    34 | D        | Reached skill level 27 in Dodging
    34 | D        | Killed a bag of meat
    35 | D        | Noticed a bag of meat
    35 | D        | Killed a bag of meat
    35 | D        | Reached XP level 18. HP: 200/200 MP: 12/36
    35 | D        | Killed a bag of meat
    36 | D        | Noticed a destroyer
    36 | D        | Noticed a destroyer
    36 | D        | Killed a bag of meat
    36 | D        | Killed a bag of meat
    36 | D        | Reached skill level 27 in Invocations
    37 | D        | Killed a bag of meat
    37 | D        | Killed a bag of meat
    37 | D        | Reached skill level 15 in Stealth
    37 | D        | Killed a meat berserker
    37 | D        | Reached XP level 19. HP: 207/207 MP: 12/40
    38 | D        | Noticed a meat berserker
    38 | D        | Killed a bag of meat
    39 | D        | Noticed a destroyer
    39 | D        | Noticed a bag of meat
    39 | D        | Noticed a destroyer
    40 | D        | Noticed a bag of meat
    40 | D        | Killed a destroyer
    40 | D        | Killed a destroyer
    40 | D        | Killed a bag of meat
    41 | D        | Noticed a bag of meat
    42 | D        | Noticed a bag of meat
    43 | D        | Noticed a sculptor of flesh
    43 | D        | Noticed a sculptor of flesh
    43 | D        | Killed a meat berserker
    44 | D        | Killed a destroyer
    44 | D        | Reached XP level 20. HP: 216/216 MP: 13/41
    44 | D        | Killed a large bag of meat
    44 | D        | Reached skill level 27 in Stealth
    44 | D        | Killed a destroyer
    45 | D        | Noticed a sculptor of flesh
    45 | D        | Noticed a destroyer
    45 | D        | Noticed a large bag of meat
    45 | D        | Noticed a bag of meat
    46 | D        | Killed a meat berserker
    46 | D        | Killed a bag of meat
    47 | D        | Noticed a destroyer
    48 | D        | Noticed a destroyer
    48 | D        | Killed a bag of meat
    48 | D        | Killed a bag of meat
    49 | D        | Noticed a bag of meat
    49 | D        | Killed a sculptor of flesh
    49 | D        | Killed a bag of meat
    49 | D        | Reached XP level 21. HP: 224/224 MP: 14/45
    50 | D        | Killed a bag of meat
    51 | D        | Noticed a meat berserker
    51 | D        | Killed a destroyer
    51 | D        | Reached skill level 27 in Spellcasting
    51 | D        | Killed a destroyer
    51 | D        | Reached skill level 10 in Armour
    52 | D        | Killed a sculptor of flesh
    53 | D        | Killed a large bag of meat
    53 | D        | Killed a bag of meat
    54 | D        | Noticed a meat berserker
    54 | D        | Noticed a bag of meat
    54 | D        | Noticed a bag of meat
    54 | D        | Noticed a destroyer
    54 | D        | Noticed a meat berserker
    54 | D        | Noticed a destroyer
    54 | D        | Noticed a destroyer
    54 | D        | Annihilated by a sculptor of flesh

Action                   |  1- 3 |  4- 6 |  7- 9 | 10-12 | 13-15 | 16-18 | 19-21 || total
-------------------------+-------+-------+-------+-------+-------+-------+-------++-------
Melee: Executioner's axe |     1 |       |       |     2 |     5 |     8 |    11 ||    27
